 Dungeon Crawl Stone Soup version 0.28-a0-620-g539b0f7ac7 (webtiles) character file.

Game seed: 7534641769102988673

10721 jasper the Carver (level 11, 0/80 HPs)
             Began as a Demonspawn Cinder Acolyte on Oct 7, 2021.
             Was an Initiate of Ignis.
             Killed from afar by Erica (26 damage)
             ... with a bolt of poison
             ... on level 10 of the Dungeon.
             The game lasted 00:26:17 (13211 turns).

jasper the Carver (Demonspawn Cinder Acolyte)      Turns: 13211, Time: 00:26:17

Health: 0/80       AC: 22    Str: 15    XL:     11   Next: 39%
Magic:  3/12       EV: 14    Int: 18    God:    Ignis [......]
Gold:   701        SH:  0    Dex: 15    Spells: 2/12 levels left

rFire   + + .      SeeInvis .   a - +0 falchion (flame)
rCold   . . .      Faith    .   (no shield)
rNeg    . . .      Spirit   .   g - +2 ring mail {rF+}
rPois   .          Reflect  .   (no helmet)
rElec   .          Harm     .   D - +0 cloak
rCorr   .          Rampage  .   H - +0 pair of gloves
Will    .....                   (no boots)
Stlth   +.........              o - amulet of regeneration
HPRegen 1.23/turn               i - +6 ring of dexterity
MPRegen 0.13/turn               e - +4 ring of evasion

@: lethally poisoned (0 -> -16), sanguine armoured
A: foul stench 2, sanguine armour 3, demonic magic 1
a: Renounce Religion


You were on level 10 of the Dungeon.
You worshipped Ignis.
Ignis was noncommittal.
You visited 2 branches of the dungeon, and saw 12 of its levels.
You also visited: Bailey.

You collected 701 gold pieces.

Inventory:

Hand Weapons
 a - a +0 falchion of flaming (weapon)
 f - a +0 hunting sling
 K - a +1 great sword of freezing
 M - the +7 dagger of Destiny {vorpal, Str+2}
   (You found it on level 9 of the Dungeon)

   It inflicts extra damage upon your enemies.
   Str:       It affects your strength (+2).
 O - a +3 scimitar
Missiles
 d - 297 stones (quivered)
 l - 18 poisoned darts
 F - a throwing net
Armour
 b - a +0 robe
 g - a +2 ring mail of fire resistance (worn)
 u - a +0 troll leather armour
 w - a scarf of invisibility
 D - a +0 cloak (worn)
 H - a +0 pair of gloves (worn)
 J - +0 acid dragon scales
Jewellery
 e - a +4 ring of evasion (right hand)
 i - a +6 ring of dexterity (left hand)
 o - an amulet of regeneration (around neck)
 A - a ring of fire
 C - a ring of willpower
 G - an amulet of guardian spirit
Wands
 c - a wand of paralysis (12)
 x - a wand of iceblast (6)
 E - a wand of digging (5)
 L - a wand of mindburst (33)
 N - a wand of flame (9)
Scrolls
 j - 3 scrolls of amnesia
 s - 2 scrolls of teleportation
 y - a scroll of blinking
 I - a scroll of immolation {unknown}
 Q - a scroll of fog
 T - a scroll of identify
 U - a scroll of fear
 V - 3 scrolls of enchant weapon
Potions
 h - 4 potions of curing
 k - 4 potions of flight
 m - a potion of attraction
 n - 3 potions of brilliance
 p - 2 potions of haste
 q - 3 potions of might
 r - a potion of berserk rage {unknown}
 t - a potion of degeneration {unknown}
 v - a potion of ambrosia {unknown}
 z - a potion of cancellation {unknown}
 B - a potion of lignification {unknown}
 P - 2 potions of resistance
 R - 2 potions of magic {unknown}
Miscellaneous
 S - a lightning rod (4/4)


   Skills:
 + Level 5.2 Fighting
 - Level 14.0 Long Blades
 + Level 5.6 Armour
 - Level 1.0 Spellcasting
 - Level 4.0 Necromancy
 - Level 3.2 Translocations
 - Level 4.0 Fire Magic
 * Level 1.2 Poison Magic


You had 2 spell levels left.
You knew the following spells:

 Your Spells              Type           Power      Damage    Failure   Level
a - Scorch                Fire           30%        2d7       11%         2
b - Mephitic Cloud        Conj/Pois/Air  2%         N/A       67%         3
c - Animate Skeleton      Necr           30%        N/A       7%          1
d - Apportation           Tloc           24%        N/A       10%         1
e - Ignite Poison         Fire/Tmut/Pois 7%         N/A       47%         3

Your spell library contained the following spells:

 Spells                   Type           Power      Damage    Failure   Level
 Magic Dart               Conj           0%         1d3       36%         1
 Summon Small Mammal      Summ           0%         N/A       36%         1
 Call Imp                 Summ           0%         N/A       50%         2
 Gell's Gravitas          Tloc           6%         N/A       28%         3
 Lesser Beckoning         Tloc           12%        N/A       28%         3
 Teleport Other           Tloc           12%        N/A       28%         3
 Conjure Flame            Conj/Fire      8%         6-21      43%         3
 Inner Flame              Hex/Fire       8%         N/A       43%         3
 Dazzling Flash           Conj/Hex       0%         N/A       73%         3
 Sticky Flame             Conj/Fire      8%         2d3       85%         4
 Iskenderun's Mystic Bla  Conj/Tloc      6%         2d4       88%         4
 Cause Fear               Hex            0%         N/A       98%         4
 Leda's Liquefaction      Hex/Erth       0%         N/A       98%         4
 Freezing Cloud           Conj/Ice/Air   0%         6-21      100%        5
 Lee's Rapid Deconstruct  Erth           0%         3d5*      100%        5
 Starburst                Conj/Fire      4%         6d3       100%        6
 Statue Form              Tmut/Erth      0%         N/A       100%        6
 Discord                  Hex            0%         N/A       100%        8


Dungeon Overview and Level Annotations

Branches:
Dungeon (11/15)            Temple (1/1) D:6            Lair (0/6) D:10
    Orc (0/2) D:10         Bailey (visited)

Altars:
Ru

Annotations:
D:9 2 runed translucent doors, siradein's ghost, novice TrTm
D:10 Erica


Innate Abilities, Weirdness & Mutations

You sometimes emit foul miasma when damaged in melee.
When seriously injured, your bleeding wounds create very thick armour. (AC +12)
Spells you cast may paralyse adjacent enemies.


Message History

Reactivating autopickup.
There is a stone staircase leading down here.
You take 4 damage, and have 57/80 hp.
Casting: Scorch (safe; 11% risk of failure)
Confirm with . or Enter, or press ? or * to list all spells.
Okay, then.
Casting: Scorch (safe; 11% risk of failure)
Confirm with . or Enter, or press ? or * to list all spells.
Flames lash something.
Malevolent energies surge around you. Something hits you.
Deactivating autopickup; reactivate with Ctrl-A.
You take 2 damage, and have 55/80 hp.
You now have 4/12 mp.
You barely miss something. Something hits you but does no damage.
You slash something! You burn something. You closely miss something.
Something hits you.
You take 3 damage, and have 54/80 hp.
You miss something. Something hits you but does no damage.
You hit something.
Casting: Scorch (safe; 11% risk of failure)
Confirm with . or Enter, or press ? or * to list all spells.
Flames lash something.
Malevolent energies surge around you. Something hits you.
Your blood congeals into armour.
You take 5 damage, and have 51/80 hp.
You now have 3/12 mp.
You closely miss something. Something hits you! Something burns you.
You emit a cloud of foul miasma!
You take 7 damage, and have 44/80 hp.
You hit something. You burn something. You hit something but do no damage.
You hear some strange, mumbled words.
A bolt of poison appears from out of thin air!
The bolt of poison hits you!
You are poisoned.
You take 16 damage, and have 28/80 hp.
You closely miss something.
You feel very sick.
You hear some strange, mumbled words.
A bolt of poison appears from out of thin air!
The bolt of poison hits you!!
You are more poisoned.
You die...

# #..##.##...##...#^.# #.## #
###.....#..#####.....# #.#
###.........### #.....# #.#
##..#.###.#...####.....# #.#
..<##.#...###..........# #.#
#.....#.### #####.##...#####.#
#[..###.# #)...............#
##.###..#####)##.#####..####.#
##[###.###.....{@..# ##.# #.#
##[##..# #.##>.....# #.# ##.#
##[#..####[##......# #.###..#
..........[##......#
#..##.####
.....#.............#
##.......#
......#######......# ##......#
......# #......# #......#
......# #......# #......#
......# #......# #......#


There were no monsters in sight!

Vanquished Creatures
  Erolcha (D:9)
  Harold (D:8)
  3 two-headed ogres
  Pikel (D:5)
  A cyclops (D:11)
  Maggie (D:9)
  Grinder (D:6)
  A troll (D:6)
  A hornet (D:10)
  Prince Ribbit (D:6)
  2 wraiths (D:10)
  5 yaks (D:8)
  2 vampire mosquitoes (D:11)
  Eustachio (D:5)
  4 steam dragons
  A warg (D:10)
  2 acid dragons (D:9)
  A water moccasin (D:6)
  2 sky beasts
  Duvessa (D:7)
  An ice beast (D:4)
  A hornet zombie (D:7)
  5 orc warriors
  A black bear (D:7)
  4 ogres
  3 centaurs
  A phantom (D:2)
  A bullfrog (D:8)
  A gnoll sergeant (D:10)
  A wyvern zombie (D:7)
  A scorpion (D:4)
  A wyvern skeleton (D:4)
  Dowan (D:7)
  4 wights (D:9)
  3 howler monkeys
  2 centaur zombies (D:9)
  6 orc priests
  2 hounds
  Crazy Yiuf (D:7)
  4 jellies (D:9)
  3 bullfrog skeletons
  2 iguanas (D:4)
  11 orc wizards
  A killer bee zombie (D:6)
  3 gnolls (D:10)
  3 howler monkey skeletons
  14 adders
  A shadow imp (D:6)
  2 ufetubi
  2 worms
  3 dart slugs
  24 orcs
  8 ball pythons
  5 bats
  7 endoplasms
  5 giant cockroaches
  10 goblins
  8 hobgoblins
  5 quokkas
  2 frilled lizards
  8 kobolds
  8 rats
212 creatures vanquished.

Vanquished Creatures (others)
  A sky beast (D:9)
  151 foxfires
  2 plants (D:6)
154 creatures vanquished.

Grand Total: 366 creatures vanquished

Notes
Turn   | Place    | Note
-------+----------+-------------------------------------------
     0 | D:1      | jasper the Demonspawn Cinder Acolyte began the quest for
                  | the Orb.
     0 | D:1      | Reached XP level 1. HP: 18/18 MP: 2/2
   117 | D:1      | Found a faded altar of an unknown god.
   158 | D:1      | Reached skill level 3 in Long Blades
   241 | D:1      | Gained mutation: When seriously injured, your bleeding
                  | wounds create armour. (AC +12) [demonic ancestry]
   241 | D:1      | Reached XP level 2. HP: 20/24 MP: 3/3
   246 | D:1      | Learned a level 2 spell: Scorch
   901 | D:1      | Gained mutation: You may rarely emit foul miasma when
                  | damaged in melee. [demonic ancestry]
   901 | D:1      | Reached XP level 3. HP: 25/29 MP: 4/4
  1311 | D:2      | Reached skill level 4 in Long Blades
  1611 | D:2      | Noticed a phantom
  1625 | D:2      | Killed a phantom
  1626 | D:2      | Reached skill level 5 in Long Blades
  1626 | D:2      | Gained mutation: Spells you cast may paralyse adjacent
                  | enemies. [demonic ancestry]
  1626 | D:2      | Reached XP level 4. HP: 32/35 MP: 5/5
  1787 | D:2      | Learned a level 3 spell: Mephitic Cloud
  1820 | D:2      | Gained mutation: When seriously injured, your bleeding
                  | wounds create thick armour. (AC +12) [demonic ancestry]
  1820 | D:2      | Reached XP level 5. HP: 35/41 MP: 6/6
  2431 | D:2      | Reached skill level 1 in Armour
  3865 | D:4      | Noticed a centaur
  3867 | D:4      | Killed a centaur
  3868 | D:4      | Reached XP level 6. HP: 36/47 MP: 7/7
  4665 | D:4      | Learned a level 1 spell: Animate Skeleton
  4667 | D:4      | Learned a level 1 spell: Apportation
  4998 | D:4      | Gained mutation: You sometimes emit foul miasma when
                  | damaged in melee. [demonic ancestry]
  4998 | D:4      | Reached XP level 7. HP: 52/52 MP: 3/8
  5332 | D:5      | Entered Level 5 of the Dungeon
  5393 | D:4      | Reached skill level 6 in Long Blades
  5767 | D:5      | Noticed Pikel
  5824 | D:5      | Killed Pikel
  5825 | D:5      | Reached skill level 7 in Long Blades
  5825 | D:5      | Reached XP level 8. HP: 27/58 MP: 1/9
  6370 | D:6      | Noticed Eustachio
  6373 | D:6      | Reached skill level 8 in Long Blades
  6443 | D:5      | Killed Eustachio
  6580 | D:6      | Noticed a troll
  6594 | D:6      | Killed a troll
  6595 | D:6      | Reached skill level 9 in Long Blades
  6715 | D:6      | Reached XP level 9. HP: 44/63 MP: 4/10
  6865 | D:6      | Noticed Prince Ribbit
  6876 | D:6      | Killed Prince Ribbit
  6877 | D:6      | Reached skill level 10 in Long Blades
  7071 | D:6      | Noticed Grinder
  7082 | D:6      | Killed Grinder
  7193 | D:6      | Found a staircase to the Ecumenical Temple.
  7394 | Temple   | Entered the Ecumenical Temple
  7441 | D:7      | Noticed Dowan
  7443 | D:7      | Noticed Duvessa
  7464 | D:7      | Killed Duvessa
  7465 | D:7      | Reached skill level 11 in Long Blades
  7474 | D:7      | Killed Dowan
  8148 | D:7      | Found a runed translucent door.
  8149 | D:7      | Noticed Crazy Yiuf
  8640 | D:7      | Killed Crazy Yiuf
  8948 | D:8      | Learned a level 3 spell: Ignite Poison
  8970 | D:8      | Reached skill level 12 in Long Blades
  9191 | D:8      | Noticed a two-headed ogre
  9193 | D:8      | Noticed Harold
  9215 | D:8      | Killed a two-headed ogre
  9216 | D:8      | Gained mutation: When seriously injured, your bleeding
                  | wounds create very thick armour. (AC +12) [demonic
                  | ancestry]
  9216 | D:8      | Reached XP level 10. HP: 70/70 MP: 11/11
  9232 | D:8      | Killed Harold
  9233 | D:8      | Reached skill level 13 in Long Blades
  9688 | D:8      | Noticed a two-headed ogre
  9706 | D:8      | Killed a two-headed ogre
  9771 | D:8      | Found a sacrificial altar of Ru.
 10087 | D:8      | Reached skill level 14 in Long Blades
 10111 | D:9      | Noticed Maggie
 10121 | D:8      | Reached skill level 1 in Necromancy
 10209 | D:9      | Killed Maggie
 10527 | D:9      | Noticed Erolcha
 10540 | D:9      | Killed Erolcha
 10641 | D:9      | Identified the +7 dagger of Destiny {vorpal, Str+2}
 10766 | D:9      | Reached XP level 11. HP: 75/75 MP: 1/12
 11095 | D:9      | Noticed a vault warden
 11095 | D:9      | Noticed an ironbound convoker
 11095 | D:9      | Noticed an ironbound convoker
 11095 | D:9      | Noticed siradein's ghost (novice TrTm)
 11096 | D:9      | Found a large runed translucent door.
 11096 | D:9      | Found a large runed translucent door.
 11179 | D:9      | Found a transporter.
 11219 | D:9      | Found a transporter.
 11266 | D:9      | Reached skill level 1 in Translocations
 11603 | D:10     | Entered Level 10 of the Dungeon
 11642 | D:10     | Reached skill level 5 in Armour
 11807 | D:10     | Noticed a two-headed ogre
 11832 | D:10     | Found a flagged portal.
 11838 | Bailey   | Entered a bailey
 11838 | Bailey   | Noticed an orc knight
 11844 | Bailey   | Noticed an orc knight
 11952 | D:10     | Found a staircase to the Lair.
 12414 | D:10     | Found a staircase to the Orcish Mines.
 12856 | D:10     | Killed a two-headed ogre
 12857 | D:10     | Reached skill level 5 in Fighting
 13085 | D:11     | Noticed a phantasmal warrior
 13142 | D:11     | Reached skill level 1 in Poison Magic
 13152 | D:11     | Noticed Erica
 13211 | D:10     | Killed from afar by Erica

Illustrated notes

Levels and vault maps discovered:
D:1:      roderic_octagonal_star, layout_loops_ring,
          chequers_ecumenical_altar_simple
D:2:      layout_loops_corners, minmay_misc_feat_chi
D:3:      layout_basic
D:4:      layout_gridville, hangedman_abyss_or_decor_stabs, st_stairs_6,
          serial_bayou_pond_d
D:5:      layout_loops_cross, uniq_pikel
D:6:      corexii_shack_village, layout_rooms, minmay_temple_entry_overgrown,
          uniq_prince_ribbit1, uniq_eustachio, uniq_grinder
D:7:      layout_basic, uniq_crazy_yiuf_cottage, uniq_duvessa
D:8:      layout_rooms, nicolae_ru_path_of_blood, uniq_harold
D:9:      gammafunk_cloud_chamber, layout_basic, advil_vaults_ghost_guards,
          hangedman_misty_isle, uniq_maggie, uniq_erolcha
D:10:     layout_rooms, lair_entry_dummy, erik_orc_3, enter_bailey_2
D:11:     layout_rooms, nicolae_hepliaklqana_hazy_memory, uniq_snorg,
          uniq_josephine, uniq_erica
Temple:   kilobyte_greek_temple

Skill      XL: |  1  2  3  4  5  6  7  8  9 10 11 |
---------------+----------------------------------+-----
Long Blades    | 3 5 7 9 12 14 | 14.0
Armour         | 2 4 5 |  5.6
Fire Magic     | 3 4 |  4.0
Necromancy     | 3 4 |  4.0
Fighting       | 5 |  5.2
Translocations | 3 |  3.2
Poison Magic   | 1 |  1.2
Spellcasting   | |  1.0

Action                   |  1- 3 |  4- 6 |  7- 9 | 10-12 || total
-------------------------+-------+-------+-------+-------++-------
Melee: Falchion          |    70 |   147 |   209 |   332 ||   758
 Fire: Hunting sling     |    40 |    69 |    14 |       ||   123
Throw: Stone             |     7 |    16 |    27 |       ||    50
       Dart              |       |       |     5 |       ||     5
       Throwing net      |       |       |       |     1 ||     1
 Cast: Scorch            |       |    18 |    63 |    86 ||   167
Invok: Foxfire Swarm     |     1 |     1 |     3 |     6 ||    11
Evoke: Wand              |       |       |       |     2 ||     2
  Use: Scroll            |     3 |     5 |     4 |     6 ||    18
       Potion            |       |       |       |     2 ||     2
 Stab: Paralysed         |       |     9 |    30 |    36 ||    75
       Held in net/web   |       |       |       |     2 ||     2
       Distracted        |       |       |       |     1 ||     1
Armor: Robe              |    10 |       |       |       ||    10
       Ring mail         |    22 |    53 |    62 |    96 ||   233
       Acid dragon scale |       |       |       |     6 ||     6
Dodge: Dodged            |    39 |    72 |   123 |   135 ||   369

Table legend: (Time is in decaauts)
 A = Elapsed time spent in this place.
 B = Non-inter-level travel time spent in this place.
 C = Inter-level travel time spent in this place.
 D = Time resting spent in this place.
 E = Time spent auto-exploring this place.
 F = Levels seen in this place.
 G = Mean time per level.
                   A        B        C        D        E       F      G
               +--------+--------+--------+--------+--------+-----+--------+
         Total |  13101 |  12678 |    423 |   2194 |   8145 |  13 | 1007.8 |
       Dungeon |  13090 |  12667 |    423 |   2190 |   8145 |  11 | 1190.0 |
        Temple |      1 |      1 |      0 |      0 |      0 |   1 |    1.0 |
        Bailey |      8 |      8 |      0 |      4 |      0 |   1 |    8.0 |
               +--------+--------+--------+--------+--------+-----+--------+

Top non-repeatable levels by time:
     D:2: 1639 daAuts
     D:7: 1599 daAuts
     D:4: 1565 daAuts
    D:10: 1498 daAuts
     D:9: 1425 daAuts
     D:1: 1286 daAuts
     D:8: 1097 daAuts
     D:5: 1072 daAuts
     D:3: 921 daAuts
     D:6: 919 daAuts
    D:11: 66 daAuts
  Bailey: 8 daAuts
  Temple: 1 daAuts
